 Dungeon Sprint DCSS version 0.17-a0-1174-ge06b3cc (webtiles) character file.

2955 nuthulu the Bludgeoner (level 9, -11/118 HPs)
             Began as an Ogre Berserker on May 29, 2015.
             Was a Priest of Trog.
             Mangled by a deep troll (13 damage)
             ... in the Dungeon (Sprint I: "Red Sonja").
             The game lasted 00:04:04 (1603 turns).

nuthulu the Bludgeoner (Ogre Berserker)             Turns: 1603, Time: 00:04:04

Health: -11/118    AC:  3    Str: 26    XL:     9   Next: 81%
Magic:  9/9        EV: 15    Int:  6    God:    Trog [***...]
Gold:   597        SH:  0    Dex:  8    Spells: 0 memorised, 8 levels left

rFire  . . .     SeeInvis .     k - +0 giant spiked club
rCold  . . .     Clarity  .     b - +0 animal skin
rNeg   . . .     SustAt   .     (no shield)
rPois  .         Gourm    .     (helmet restricted)
rElec  .         Spirit   .     (no cloak)
rCorr  .         Warding  .     (gloves unavailable)
rMut   .         NoTele   +     (boots unavailable)
MR     .....                    (no amulet)
Stlth  +.........               (no ring)
                                (no ring)

@: very slightly contaminated, not resistant to hostile enchantments, very
unstealthy
A: unfitting armour, repulsion field 1, breathe flames 1, clumsy 1, tough skin 1
a: Burn Spellbooks, Berserk, Trog's Hand, Renounce Religion, Breathe Fire


You were in the Dungeon.
You worshipped Trog.
Trog was most pleased with you.
You were very hungry.

You visited 1 branch You collected 662 gold pieces.
You spent 65 gold pieces at shops.

Inventory:

Hand weapons
 k - a +0 giant spiked club (weapon)
Armour
 b - a +0 animal skin (worn)
Scrolls
 i - a scroll of blinking
Potions
 a - a potion of heal wounds
 d - a potion of curing
 g - 2 potions of magic
 h - a potion of berserk rage


   Skills:
 * Level 16.0 Fighting
 * Level 16.4 Maces & Flails
 * Level 11.8 Dodging


You had 8 spell levels left.
You didn't know any spells.

Dungeon Overview and Level Annotations

Branches:
Dungeon (1/1)

Altars:
Cheibriados
Dithmenos
Elyvilon
Fedhas
Gozag
Kikubaaqudgha
Makhleb
Nemelex Xobeh
Okawaru
Qazlal
Ru
Sif Muna
Trog
Vehumet
Xom
Yredelemnul
Zin
The Shining One
Jiyva

Shops:
D !*


Innate Abilities, Weirdness & Mutations

You are too large for most types of armour.
You have tough skin (AC +1).
You are surrounded by a mild repulsion field (EV +2).
You can breathe flames.
You are clumsy. (Dex -2)


Message History

Your ogre misses the deep troll. The deep troll bites your ogre!
The deep troll claws your ogre. The deep troll claws your ogre!
Your ogre barely misses the deep troll.
The deep troll bites your ogre. The deep troll claws your ogre!
Your ogre dies!
Your ogre's corpse disappears in a puff of smoke!
The deep troll closely misses you. The deep troll claws you!
The deep troll claws you!
* * * LOW HITPOINT WARNING * * *
You hit the deep troll.
The deep troll is lightly wounded.
The deep troll bites you!
* * * LOW HITPOINT WARNING * * *
The deep troll barely misses you. The deep troll closely misses you.
You hammer the deep troll like a gong!!!
The deep troll is almost dead.
The deep troll bites you!!
* * * LOW HITPOINT WARNING * * *
The deep troll claws you!
You die...

#..#####'#####'#__####...'.§#.
#..####..#...#.#### #####..§.
#..#__####..##)#§§§§c# #+###
#..#_..__##'#..§§≈≈§.+ #..
#⌠⌠#_.∩...'..._#≈≈§.c# #.§
####_..._##_.#'##'### ###
#_____###(#.# §?[
############(####+###
#∩........'..@T$$.$$+
###++++####...####### ##.##
#+#


You could see a deep troll.

Vanquished Creatures
  Sonja (D)
  A lindwurm (D)
  2 kobold demonologists (D)
  4 demonic crawlers (D)
  A slime creature (D)
  Sigmund (D)
  A yak (D)
  An ogre (D)
  A jelly (D)
  Ijyb (D)
  A giant eyeball (D)
15 creatures vanquished.

Vanquished Creatures (others)
  A two-headed ogre (D)
  An ogre (D)
2 creatures vanquished.

Grand Total: 17 creatures vanquished

Notes
Turn   | Place    | Note
--------------------------------------------------------------
     0 | D        | nuthulu the Ogre Berserker began the quest for the Orb.
     0 | D        | Reached XP level 1. HP: 24/24 MP: 1/1
     1 | D        | Noticed Ijyb
    20 | D        | Killed Ijyb
    20 | D        | Reached skill level 5 in Fighting
    20 | D        | Reached skill level 5 in Maces & Flails
    20 | D        | Reached XP level 2. HP: 3/36 MP: 2/2
    20 | D        | Reached XP level 3. HP: 3/44 MP: 3/3
   313 | D        | Noticed an ogre
   318 | D        | Killed an ogre
   318 | D        | Acquired Trog's second power
   318 | D        | Reached skill level 7 in Fighting
   318 | D        | Reached skill level 5 in Dodging
   318 | D        | Reached XP level 4. HP: 42/57 MP: 4/4
   405 | D        | Noticed Sigmund
   410 | D        | Killed Sigmund
   410 | D        | Reached skill level 9 in Fighting
   410 | D        | Reached XP level 5. HP: 68/68 MP: 5/5
   410 | D        | Reached XP level 6. HP: 78/78 MP: 6/6
   518 | D        | Found a deep blue altar of Sif Muna.
   521 | D        | Noticed a jelly
   522 | D        | Found a radiant altar of Vehumet.
   525 | D        | Killed a jelly
   525 | D        | Reached skill level 10 in Fighting
   525 | D        | Reached skill level 10 in Maces & Flails
   556 | D        | Found Ukhlizyo's Assorted Antiques.
   556 | D        | Found a white marble altar of Elyvilon.
   556 | D        | Found a stormy altar of Qazlal.
   556 | D        | Found a burning altar of Makhleb.
   556 | D        | Found a sacrificial altar of Ru.
   556 | D        | Found a basalt altar of Yredelemnul.
   556 | D        | Found a glowing golden altar of the Shining One.
   556 | D        | Found a sparkling altar of Nemelex Xobeh.
   556 | D        | Found a shimmering altar of Xom.
   556 | D        | Found an opulent altar of Gozag.
   556 | D        | Found an ancient bone altar of Kikubaaqudgha.
   556 | D        | Found a glowing silver altar of Zin.
   556 | D        | Noticed a yak
   557 | D        | Found an iron altar of Okawaru.
   561 | D        | Killed a yak
   561 | D        | Reached skill level 11 in Fighting
   562 | D        | Found a bloodstained altar of Trog.
   690 | D        | Found a viscous altar of Jiyva.
   690 | D        | Found a blossoming altar of Fedhas.
   690 | D        | Noticed a slime creature
   691 | D        | Found a snail-covered altar of Cheibriados.
   691 | D        | Found a shadowy altar of Dithmenos.
   699 | D        | Killed a slime creature
   699 | D        | Reached skill level 12 in Fighting
   699 | D        | Reached XP level 7. HP: 36/91 MP: 7/7
   926 | D        | Noticed a kobold demonologist
   927 | D        | Noticed a kobold demonologist
   932 | D        | Killed a kobold demonologist
   932 | D        | Reached XP level 8. HP: 101/101 MP: 8/8
   932 | D        | Paralysed by a giant eyeball for 2 turns
   933 | D        | Noticed a sixfirhy
   942 | D        | Killed a kobold demonologist
   942 | D        | Acquired Trog's third power
   942 | D        | Reached skill level 13 in Fighting
   942 | D        | Reached skill level 10 in Dodging
   986 | D        | Noticed a demonic crawler
   986 | D        | Noticed a demonic crawler
   986 | D        | Noticed a demonic crawler
   986 | D        | Noticed a demonic crawler
   992 | D        | Killed a demonic crawler
   992 | D        | Reached skill level 14 in Fighting
   994 | D        | Killed a demonic crawler
   994 | D        | Reached XP level 9. HP: 96/114 MP: 9/9
   996 | D        | Killed a demonic crawler
   998 | D        | Killed a demonic crawler
   998 | D        | Reached skill level 15 in Fighting
   998 | D        | Reached skill level 15 in Maces & Flails
  1240 | D        | Noticed a lindwurm
  1259 | D        | Killed a lindwurm
  1259 | D        | Reached skill level 16 in Maces & Flails
  1486 | D        | Noticed Sonja
  1544 | D        | Killed Sonja
  1547 | D        | Gained mutation: You are clumsy. (Dex -2) [potion of mutation]
  1547 | D        | Gained mutation: You can breathe flames. [potion of mutation]
  1547 | D        | Gained mutation: You are surrounded by a mild repulsion field (EV +2). [potion of mutation]
  1567 | D        | Noticed a centaur warrior
  1567 | D        | Noticed a centaur warrior
  1575 | D        | Found Irinapea's Distillery.
  1583 | D        | Bought a potion of heal wounds for 65 gold pieces
  1595 | D        | Noticed a deep troll
  1603 | D        | HP: 2/118 [deep troll (20)]
  1603 | D        | Mangled by a deep troll

Vault maps used:
D:        dungeon_sprint_1

Action                   |  1- 3 |  4- 6 |  7- 9 || total
-------------------------+-------+-------+-------++-------
Melee: Mace              |    23 |       |       ||    23
       Giant spiked club |       |    16 |    36 ||    52
Invok: Berserk           |       |     1 |     2 ||     3
       Brothers in Arms  |       |       |     3 ||     3
  Use: Scroll            |       |     2 |       ||     2
       Potion            |       |       |     4 ||     4
  Eat: Bread ration      |       |       |     1 ||     1
